Map: Acid Plant LE

Players

Tugboat

  • Race: Zerg Zerg
  • Spawn Location: 11:00

Crimson - Winner!

  • Race: Zerg Zerg
  • Spawn Location: 5:00

Event: WCS Austin 2018

VOD

Have the link to the VOD?

Description

Time

  • Played on: June 1, 2018, 2:25 p.m.
  • Length: 7:01

All games in this series

Show
View Real Time Build Order
Export as new Build Order

Tugboat Zerg 

Build Orders: Pool First 

Get SALT Encoding   

  12  0:02  Drone  
  13  0:12  Overlord  
  13  0:19  Drone  
  14  0:32  Drone x2  
  16  0:39  Drone  
  17  0:46  Spawning Pool  
  17  0:49  Drone  
  17  1:09  Hatchery  
  16  1:12  Drone  
  16  1:15  Extractor  
  16  1:33  Zergling x6  
  16  1:35  Queen  
  21  1:44  Drone  
  22  1:56  Overlord  
  22  2:14  Queen  
  24  2:18  Drone x2  
  24  2:19  Metabolic Boost  
  26  2:24  Drone  
  26  2:43  Drone  
  27  2:50  Baneling Nest  
  27  2:51  Hatchery  
  25  3:00  Drone x3  
  28  3:11  Overlord  
  28  3:33  Queen  
  30  3:41  Drone  
  30  3:42  Drone x3  
  34  3:53  Drone  
  34  3:54  Drone  
  36  4:00  Roach Warren  
  34  4:05  Drone x2  
  34  4:06  Drone x2  
  34  4:07  Overlord  
  34  4:08  Extractor  
  37  4:17  Zergling x4  
  39  4:29  Zergling x8  
  43  4:43  Roach x3  
  43  4:44  Overlord x2  
  43  4:45  Overlord  
  49  5:03  Roach x4  
  49  5:04  Roach  
  54  5:08  Baneling x2  
  54  5:15  Zergling x4  
  46  5:29  Roach  
  46  5:30  Roach x6  
  58  5:36  Roach  
  53  5:43  Roach x2, Zergling x2  
  48  6:07  Drone  
  48  6:08  Drone x2  
  48  6:11  Zergling x8  
  49  6:14  Ravager  
  48  6:28  Zergling x6  
  48  6:32  Baneling x2  
  45  6:41  Roach, Zergling x6  
  44  6:57  Ravager  
Show
View Real Time Build Order
Export as new Build Order

Crimson Zerg - Winner!

Build Orders: Hatch First 

Get SALT Encoding   

  12  0:00  Drone  
  13  0:14  Overlord  
  13  0:17  Drone  
  14  0:33  Drone x2  
  16  0:36  Drone  
  17  0:52  Hatchery  
  17  0:55  Drone  
  17  0:58  Drone  
  18  1:04  Extractor  
  17  1:13  Spawning Pool  
  17  1:17  Drone  
  17  1:20  Drone  
  18  1:30  Drone  
  19  1:41  Drone  
  20  1:51  Overlord  
  20  1:56  Evolution Chamber  
  20  2:00  Queen  
  21  2:03  Zergling x2  
  21  2:04  Queen  
  21  2:06  Zergling x2  
  25  2:14  Drone  
  26  2:16  Zergling x2  
  27  2:23  Zerg Ground Armor Level 1  
  27  2:25  Drone  
  27  2:28  Drone  
  29  2:37  Drone x2  
  31  2:46  Queen  
  31  2:49  Overlord  
  33  2:53  Drone  
  34  3:01  Metabolic Boost  
  34  3:02  Drone  
  34  3:03  Drone  
  36  3:09  Spine Crawler  
  36  3:11  Drone  
  36  3:13  Drone  
  36  3:16  Overlord  
  36  3:19  Drone  
  38  3:24  Drone x2  
  40  3:27  Drone  
  40  3:30  Drone  
  42  3:41  Queen  
  41  3:47  Drone x3  
  41  3:48  Extractor  
  45  3:49  Baneling Nest, Drone  
  45  3:51  Drone  
  46  3:56  Overlord  
  46  4:01  Drone x3  
  50  4:02  Drone  
  50  4:03  Zergling x2  
  50  4:07  Zergling x2  
  52  4:11  Overlord  
  52  4:20  Hatchery  
  52  4:21  Zergling x2  
  52  4:22  Zergling x2  
  53  4:24  Zergling x2  
  53  4:30  Zergling x6  
  57  4:32  Zerg Melee Weapons Level 1  
  57  4:36  Zergling x4  
  59  4:39  Zergling x4  
  60  4:46  Zergling x4  
  60  4:48  Baneling x6  
  60  4:51  Zergling x2  
  63  4:57  Zergling x2  
  63  4:58  Zergling x4  
  63  4:59  Zergling x2  
  67  5:02  Zergling x2  
  68  5:07  Zergling x2  
  68  5:20  Overlord x2  
  68  5:21  Overlord  
  67  5:27  Zergling x12  
  64  5:36  Zergling x2  
  64  5:37  Zergling x4  
  64  5:41  Baneling  
  64  5:42  Zergling x2  
  66  5:47  Zergling x4  
  67  5:53  Lair  
  67  5:55  Drone x5  
  65  5:57  Drone x2, Roach Warren, Extractor  
  65  6:02  Zergling x2  
  65  6:03  Zergling x2  
  61  6:19  Zergling x10  
  61  6:23  Zergling x8  
  70  6:29  Zergling x8  
  70  6:32  Baneling x3  
  73  6:37  Roach x2  
  73  6:38  Roach x3  
  73  6:39  Roach  
  85  6:41  Roach  
Tags
 
Add a new tag
Caveats
  • Supply blocks, unpowered buildings, or Contaminate may cause inaccurate times.
  • Supply counts are checked every 10 seconds.